AoeStats
← Happytheandy

Lombardia

509986878Analyzed
4v4 RM · 4d ago on Sep 28, 2026· 84m 34s· 8 players
Game mode
Random Map
Map size
Large (8 player)
Population
200
Speed
Normal
Resources
Standard
Victory
Conquest
Starting age
Dark Age
Ending age
Imperial Age
RankedLock teamsTeams togetherTeam positionsShared explorationLock speedFull tech treeHidden civsTurbo modeCheats
Victory
Defeat
🇬🇧 Bengalis · United Kingdom
1996
+12
🇬🇧 Hindustanis · United Kingdom
1991
+12
🇬🇧 Sicilians · United Kingdom
1957
+14
🇬🇧 Varangians · United Kingdom
1921
+15
🇮🇹 Ethiopians · Italy
1991
-16
🇩🇪 Magyars · Germany
1940
-14
🇦🇷 Turks · Argentina
1938
-15
🇩🇪 Mongols · Germany
1762
-8
RoR | Smokealot
5:34 Loom
8:30 Feudal Age
9:23 Double-Bit Axe
16:42 Scale Barding Armor
18:27 Bloodlines
18:15 Horse Collar
21:38 Castle Age
20:30 Gold Mining
22:35 Bloodlines
22:26 Husbandry
23:56 Wheelbarrow
27:41 Chain Barding Armor
28:23 Heavy Plow
30:25 Hand Cart
30:21 Bow Saw
33:48 Stone Mining
37:20 Imperial Age
36:05 Gold Shaft Mining
37:24 Cavalier
39:09 Two-Man Saw
38:45 Plate Barding Armor
39:04 Paladin
40:36 Caravan
44:54 Coinage
44:51 Corvinian Army
45:21 Conscription
47:37 Crop Rotation
48:20 Banking
47:32 Light Cavalry
48:39 Hussar
49:55 Elite Magyar Huszar
67:23 Ballistics
OS | 展毅
6:21 Loom
8:59 Feudal Age
11:52 Fletching
22:16 Castle Age
20:33 Gold Mining
20:56 Padded Archer Armor
21:54 Horse Collar
22:51 Bodkin Arrow
22:18 Crossbowman
23:28 Double-Bit Axe
24:01 Leather Archer Armor
25:48 Ballistics
26:10 Thumb Ring
29:47 Wheelbarrow
28:57 Town Watch
36:06 Heavy Plow
36:19 Bow Saw
39:58 Imperial Age
37:15 Town Watch
38:13 Hand Cart
38:35 Fortified Wall
38:39 Squires
39:58 Caravan
40:31 Scale Mail Armor
40:01 Halberdier
41:46 Chemistry
41:39 Chain Mail Armor
42:55 Two-Man Saw
42:33 Conscription
42:26 Forging
42:05 Arson
42:55 Plate Mail Armor
43:54 Iron Casting
43:44 Stone Mining
44:31 Gold Shaft Mining
45:04 Coinage
45:00 Masonry
46:28 Blast Furnace
45:38 Siege Engineers
47:17 Banking
47:54 Torsion Engines
50:30 Onager
54:31 Heavy Scorpion
54:31 Siege Onager
54:35 Heavy Scorpion
62:04 Capped Ram
63:32 Siege Ram
69:41 Man-at-Arms
75:38 Bracer
Denno037
10:51 Feudal Age
11:42 Double-Bit Axe
11:39 Horse Collar
14:30 Castle Age
15:38 Bow Saw
17:15 Wheelbarrow
16:42 Heavy Plow
21:04 Loom
23:06 Gold Mining
23:06 Stone Mining
25:04 Hand Cart
29:13 Imperial Age
27:58 Gold Shaft Mining
27:24 Fletching
27:34 Padded Archer Armor
27:56 Ballistics
27:24 Town Watch
28:28 Bodkin Arrow
29:20 Leather Archer Armor
29:09 Husbandry
29:22 Bloodlines
29:19 Thumb Ring
30:08 Bracer
31:24 Chemistry
30:27 Elite Mangudai
32:32 Conscription
33:36 Hoardings
32:49 Capped Ram
34:55 Fortified Wall
34:51 Siege Engineers
34:12 Siege Ram
35:17 Drill
37:16 Coinage
37:58 Caravan
38:56 Stone Shaft Mining
39:37 Masonry
39:55 Parthian Tactics
45:58 Banking
51:07 Nomads
55:53 Onager
56:31 Onager
58:20 Siege Engineers
58:42 Siege Onager
67:20 Devotion
69:49 Faith
69:46 Murder Holes
71:54 Heresy
77:52 Heavy Scorpion
Gary_zZ
9:17 Loom
11:38 Feudal Age
12:28 Double-Bit Axe
15:26 Castle Age
13:40 Horse Collar
14:55 Fletching
16:06 Bodkin Arrow
16:41 Bow Saw
19:28 Padded Archer Armor
22:56 Gold Mining
25:47 Wheelbarrow
27:00 Ballistics
27:32 Leather Archer Armor
29:17 Husbandry
29:28 Bloodlines
30:17 Thumb Ring
30:48 Stone Mining
35:09 Imperial Age
33:17 Heavy Plow
33:53 Gold Shaft Mining
33:10 Treadmill Crane
35:13 Heavy Cavalry Archer
35:56 Bracer
36:28 Parthian Tactics
37:01 Sipahi
37:02 Conscription
37:33 Ring Archer Armor
38:12 Caravan
39:23 Masonry
39:39 Hand Cart
39:09 Town Watch
40:04 Scale Barding Armor
40:09 Forging
41:19 Architecture
41:10 Chain Barding Armor
42:01 Two-Man Saw
43:15 Plate Barding Armor
43:16 Iron Casting
43:45 Bombard Tower
47:25 Blast Furnace
47:17 Artillery
60:43 Sappers
70:59 Heavy Camel Rider
PUB | Fanjita
6:11 Loom
11:12 Feudal Age
14:56 Castle Age
13:14 Double-Bit Axe
13:28 Horse Collar
14:23 Fletching
21:08 Bodkin Arrow
24:24 Padded Archer Armor
30:09 Ballistics
30:46 Bloodlines
32:04 Bow Saw
34:57 Wheelbarrow
39:06 Imperial Age
37:02 Heavy Plow
38:29 Scale Barding Armor
38:57 Hand Cart
39:07 Husbandry
39:58 Chain Barding Armor
39:52 Forging
39:10 Heavy Camel Rider
40:55 Chemistry
40:29 Fortified Wall
41:48 Plate Barding Armor
41:24 Forging
41:17 Caravan
42:35 Two-Man Saw
41:30 Town Watch
41:07 Imperial Camel Rider
43:09 Masonry
43:32 Grand Trunk Road
44:43 Iron Casting
46:25 Light Cavalry
47:38 Conscription
50:20 Coinage
55:46 Banking
56:18 Siege Engineers
58:55 Blast Furnace
59:51 Shatagni
59:36 Hussar
68:36 Hoardings
Rgeadn
4:53 Loom
10:51 Feudal Age
14:48 Castle Age
13:23 Double-Bit Axe
13:54 Horse Collar
15:46 Bow Saw
19:31 Town Watch
22:34 Wheelbarrow
23:06 Heavy Plow
24:39 Hand Cart
27:33 Scale Barding Armor
30:16 Imperial Age
28:10 Town Patrol
28:46 Husbandry
28:59 Bloodlines
29:53 Chain Barding Armor
31:03 Hauberk
30:20 Cavalier
31:35 Plate Barding Armor
32:37 Forging
35:03 Iron Casting
36:44 Blast Furnace
37:34 Coinage
38:39 Siege Engineers
39:08 Fletching
39:39 Ballistics
40:25 Chemistry
41:53 Caravan
42:24 Banking
41:21 Light Cavalry
44:06 Masonry
43:41 Arrowslits
43:53 Murder Holes
43:54 Bodkin Arrow
44:22 Conscription
45:27 Bracer
46:29 Hoardings
46:06 Squires
45:51 Arson
46:31 First Crusade
46:25 Elite Serjeant
46:53 Capped Ram
48:00 Scale Mail Armor
49:24 Chain Mail Armor
49:19 Siege Ram
49:20 Onager
51:38 Siege Onager
53:38 Plate Mail Armor
54:33 Guilds
57:18 Pikeman
57:48 Halberdier
Happytheandy
5:57 Loom
8:31 Feudal Age
9:21 Double-Bit Axe
14:00 Scale Barding Armor
16:20 Bloodlines
19:45 Horse Collar
22:14 Wheelbarrow
25:31 Castle Age
24:10 Gold Mining
26:24 Bow Saw
28:32 Fletching
36:31 Heavy Plow
36:38 Stone Mining
37:25 Hand Cart
42:05 Imperial Age
39:47 Husbandry
40:08 Chain Barding Armor
40:37 Fortified Wall
41:20 Forging
42:48 Stone Shaft Mining
42:55 Iron Casting
42:08 Elite Jarl
43:24 Plate Barding Armor
43:29 Crop Rotation
43:45 Caravan
44:17 Masonry
45:38 Blast Furnace
45:01 Conscription
45:45 Bodkin Arrow
45:41 Capped Ram
46:27 Siege Engineers
47:23 Chemistry
47:41 Two-Man Saw
46:36 Siege Ram
48:17 Coinage
48:42 Architecture
48:14 Bracer
51:47 Ballistics
52:14 Town Watch
54:22 Banking
63:11 Guilds
70:37 Vendel Legacy
70:50 Cavalier
71:32 Scale Mail Armor
73:04 Light Cavalry
robo_boro
10:50 Feudal Age
14:57 Castle Age
13:29 Double-Bit Axe
13:30 Horse Collar
14:53 Scale Barding Armor
15:57 Bow Saw
18:04 Fletching
18:45 Padded Archer Armor
19:35 Bodkin Arrow
22:47 Heavy Plow
25:47 Wheelbarrow
25:31 Bloodlines
25:21 Husbandry
26:28 Leather Archer Armor
27:45 Ballistics
28:05 Forging
32:20 Imperial Age
30:47 Hand Cart
30:38 Paiks
30:27 Stone Mining
31:57 Loom
31:58 Town Watch
33:24 Conscription
33:04 Bracer
34:12 Chemistry
36:16 Guilds
36:35 Fortified Wall
36:41 Elite Ratha (Ranged)
37:23 Caravan
38:53 Coinage
38:57 Ring Archer Armor
41:03 Iron Casting
43:01 Blast Furnace
42:14 Masonry
45:11 Architecture
48:38 Two-Man Saw
48:08 Crop Rotation
51:35 Chain Barding Armor
51:22 Siege Engineers
52:25 Mahayana
52:35 Mahayana
56:02 Banking
59:16 Redemption
59:22 Block Printing
59:31 Sanctity
59:47 Theocracy
61:12 Plate Barding Armor
61:51 Fervor
62:06 Illumination
61:09 Siege Elephant
63:13 Elite Elephant Archer
Connection lost

Rejoining the realm…

Still unreachable

The connection could not be restored.

Session expired

The server has moved on; the page needs a fresh start.